[Event "Early-Titled-Tuesday-Blitz-March-19-2024"]
[Site "Chess.com"]
[Date "2024.03.19"]
[Round "10"]
[White "Stanbad1"]
[Black "Felix-Rose"]
[Result "1-0"]
[WhiteElo "2538"]
[BlackElo "2278"]
[TimeControl "180+1"]
[EndTime "9:54:11 PDT"]
[Termination "Stanbad1 won by resignation"]

1. d4 d5 2. Nc3 Nf6 3. Bf4 c5 4. e4 Nxe4 5. Nxe4 dxe4 6. dxc5 Qa5+ 7. c3 Qxc5 8. Qa4+ Nc6 9. Qxe4 g6 10. Nf3 Bg7 11. Rd1 Bf5 12. Qa4 O-O 13. Be3 Qa5 14. Bb5 Qxa4 15. Bxa4 Rfd8 16. O-O Bd3 17. Rfe1 b5 18. Bb3 a5 19. Bb6 Rd7 20. Bc2 Ra6 21. Bc5 Rd5 22. Bxd3 Rxc5 23. a4 Ra8 24. Bxb5 Ne5 25. Nxe5 Bxe5 26. g3 g5 27. Rd7 Bd6 28.
Bd3 Rb8 29. Re2 Kg7 30. Kg2 Kf6 31. Bxh7 Re5 32. Rxe5 Kxe5 33. Ra7 Rxb2 34. Rxa5+ Kf6 35. Be4 Rc2 36. Bxc2 1-0

[Event "Early-Titled-Tuesday-Blitz-March-19-2024"]
[Site "Chess.com"]
[Date "2024.03.19"]
[Round "10"]
[White "dosto07"]
[Black "Tol_Tol"]
[Result "1-0"]
[WhiteElo "2493"]
[BlackElo "2296"]
[TimeControl "180+1"]
[EndTime "9:54:14 PDT"]
[Termination "dosto07 won on time"]

1. e4 c5 2. Nf3 Nc6 3. Bb5 e6 4. O-O Nge7 5. Re1 a6 6. Be2 b5 7.
a4 b4 8. c3 Bb7 9. d4 cxd4 10.
cxd4 d5 11. e5 Nf5 12. Bg5 Qb6 13. Be3 a5 14. Bb5 Be7 15. Nbd2 O-O 16. Nb3 Nxe3 17. fxe3 f6 18. exf6 Rxf6 19. Rc1 Raf8 20. Nc5 Bd6 21. Nd7 Qc7 22. Nxf8 Rxf8 23. Qc2 Rc8 24. e4 Qf7 25. e5 Be7 26. Rf1 Qh5 27. Qe2 Bd8 28. Ba6 Nxd4 29. Nxd4 Qxe2 30. Bxe2 Bb6 31.
Rxc8+ Bxc8 32. Rd1 1-0

[Event "Early-Titled-Tuesday-Blitz-March-19-2024"]
[Site "Chess.com"]
[Date "2024.03.19"]
[Round "10"]
[White "ArchibaldCerveza29"]
[Black "Alenzer"]
[Result "1-0"]
[WhiteElo "2380"]
[BlackElo "2175"]
[TimeControl "180+1"]
[EndTime "9:54:14 PDT"]
[Termination "ArchibaldCerveza29 won by resignation"]

1. e4 c5 2. Nf3 e6 3. d4 cxd4 4. Nxd4 Nf6 5. Nc3 Nc6 6. a3 Bc5 7. Nb3 Bb6 8. Be2 O-O 9. O-O d5 10. exd5 Nxd5 11. Nxd5 exd5 12. Bf3 Be6 13. Bf4 Qf6 14. Qc1 Ne5 15. Bxe5 Qxe5 16. Re1 Qf6 17. c3 Rac8 18. Qd2 Rfd8 19. Rad1 h6 20. Nd4 Re8 21. Qd3 Rcd8 22. a4 a6 23. g3 Bxd4 24. cxd4 Bf5 25.
Qb3 Rd7 26. Rxe8+ Kh7 1-0

[Event "Early-Titled-Tuesday-Blitz-March-19-2024"]
[Site "Chess.com"]
[Date "2024.03.19"]
[Round "10"]
[White "PLAYER_2006_M"]
[Black "Mikhail_Golubev"]
[Result "1-0"]
[WhiteElo "2937"]
[BlackElo "2727"]
[TimeControl "180+1"]
[EndTime "9:54:21 PDT"]
[Termination "PLAYER_2006_M won by resignation"]

1. e4 c5 2. Nf3 d6 3. d4 Nf6 4. Nc3 cxd4 5. Nxd4 g6 6. f3 Bg7 7. Be3 Nc6 8. Bc4 O-O 9. Bb3 Bd7 10. h4 Ne5 11. Qd2 Rc8 12. Bh6 Bxh6 13. Qxh6 Rxc3 14.
bxc3 Qa5 15. Qd2 Rc8 16. Ne2 Bb5 17. c4 Qxd2+ 18. Kxd2 Nxc4+ 19. Bxc4 Bxc4 20. Nf4 Nd7 21. a4 Ne5 22. Rhb1 Ba6 23. Nd5 Nc4+ 24. Ke1 Kf8 25. Rb3 b6 26. Rc3 Rc5 27. Kf2 e6 28. Ne3 Ke7 29.
Nxc4 Bxc4 30. g4 h6 31. Ke3 e5 32. f4 exf4+ 33. Kxf4 a6 34. Rb1 b5 35. axb5 axb5 36.
g5 hxg5+ 37. hxg5 Rc8 38. Rxb5 Ke6 39. Rb4 d5 40. exd5+ Kxd5 41. Rbxc4 Rxc4+ 42. Rxc4 Kxc4 43. Ke5 f5 44. gxf6 1-0

[Event "Early-Titled-Tuesday-Blitz-March-19-2024"]
[Site "Chess.com"]
[Date "2024.03.19"]
[Round "10"]
[White "Adar_07"]
[Black "Zq1"]
[Result "1-0"]
[WhiteElo "2843"]
[BlackElo "2616"]
[TimeControl "180+1"]
[EndTime "9:54:21 PDT"]
[Termination "Adar_07 won on time"]

1. e4 c5 2. Nf3 d6 3. d4 cxd4 4. Nxd4 Nf6 5. Nc3 Nc6 6. Bg5 e6 7. Qd2 Be7 8. O-O-O O-O 9. f4 h6 10. Bxf6 Bxf6 11. Nxc6 bxc6 12. Qxd6 Qb6 13. e5 Rd8 14. Qa3 Qe3+ 15. Kb1 Rxd1+ 16. Nxd1 Qxa3 17. bxa3 Be7 18. a4 Rb8+ 19. Kc1 Rb4 20. g3 Rxa4 21. Nc3 Ba3+ 22. Kd2 Rd4+ 23. Bd3 Bb4 24. Rb1 Bd7 25. Ke3 Bc5 26.
Rb8+ Bc8 27. Kf3 Rd8 28. Ba6 Bxa6 29. Rxd8+ Kh7 30. Ne4 Bb6 31. Rd7 Bc4 32. Rxf7 Bxa2 33. h4 h5 34. g4 hxg4+ 35. Kxg4 Bc4 36. h5 Be2+ 37. Kg5 Kg8 38. Rd7 Bf3 39. Nd6 a5 40. Kg6 a4 41. Rxg7+ Kf8 42. h6 1-0

[Event "Early-Titled-Tuesday-Blitz-March-19-2024"]
[Site "Chess.com"]
[Date "2024.03.19"]
[Round "10"]
[White "BilicVladimir"]
[Black "Slovineanu"]
[Result "1/2-1/2"]
[WhiteElo "2671"]
[BlackElo "2500"]
[TimeControl "180+1"]
[EndTime "9:54:22 PDT"]
[Termination "Game drawn by repetition"]

1. Nf3 Nf6 2. c4 e6 3. d4 d5 4. Nc3 c5 5. cxd5 Nxd5 6. e4 Nxc3 7. bxc3 cxd4 8. cxd4 Bb4+ 9. Bd2 Bxd2+ 10. Qxd2 O-O 11. Bd3 Nc6 12. e5 Qa5 13. Be4 Qxd2+ 14. Kxd2 Bd7 15.
Ke3 Rac8 16. Rhc1 Na5 17. Nd2 Rxc1 18. Rxc1 Rc8 19. Rxc8+ Bxc8 20. d5 exd5 21. Bxd5 Be6 22. Kd4 Kf8 23. f4 Ke7 24. g3 Kd7 25. a3 Nc6+ 26.
Bxc6+ Kxc6 27. Ne4 b5 28. Nd6 a5 29. f5 Ba2 30. Ne8 g6 31. g4 b4 32. axb4 axb4 33. Nf6 h6 34. Ng8 h5 35. fxg6 fxg6 36. Ne7+ Kd7 37.
Nxg6 hxg4 38. Nf4 Be6 39. Nd3 b3 40. Kc3 Kc6 41. Nf4 Bc4 42. Nh5 Be6 43. Nf4 Bc4 44.
Ng2 Be6 45. Nf4 1/2-1/2

[Event "Early-Titled-Tuesday-Blitz-March-19-2024"]
[Site "Chess.com"]
[Date "2024.03.19"]
[Round "10"]
[White "Polish_fighter3000"]
[Black "FormerProdigy"]
[Result "0-1"]
[WhiteElo "3138"]
[BlackElo "2972"]
[TimeControl "180+1"]
[EndTime "9:54:27 PDT"]
[Termination "FormerProdigy won by resignation"]

1. d4 Nf6 2. c4 e6 3. Nf3 d5 4.
Nc3 Bb4 5. Qa4+ Nc6 6. e3 O-O 7.
Qc2 b6 8. Bd2 Bb7 9. a3 Bd6 10.
cxd5 exd5 11. Bd3 a6 12. g4 Re8 13. g5 Ne4 14. Nxe4 dxe4 15. Bxe4 Nxd4 16. Bxh7+ Kh8 17. Nxd4 Bxh1 18. O-O-O Bb7 19. f4 Bxf4 20. h4 Rxe3 21. Kb1 Qxd4 22. Bxe3 Qxe3 23. Bf5 Qc5 24. Qd3 Re8 25. h5 Qxf5 26. Qxf5 Be4+ 27. Qxe4 Rxe4 28. g6 fxg6 29. hxg6 Bd6 0-1

[Event "Early-Titled-Tuesday-Blitz-March-19-2024"]
[Site "Chess.com"]
[Date "2024.03.19"]
[Round "10"]
[White "Eliwood44"]
[Black "AttackSparrow"]
[Result "0-1"]
[WhiteElo "2527"]
[BlackElo "2646"]
[TimeControl "180+1"]
[EndTime "9:54:27 PDT"]
[Termination "AttackSparrow won by resignation"]

1. d4 d5 2. c4 e6 3. Nc3 Nf6 4. cxd5 exd5 5. Bg5 Bb4 6. e3 h6 7.
Bf4 g6 8. Ne2 c6 9. a3 Bd6 10. Rc1 Be6 11. Qb3 Bxf4 12. Nxf4 Qb6 13. Qc2 Bf5 14. Bd3 Bxd3 15. Nxd3 Nbd7 16. O-O O-O 17. b4 Rfe8 18. Na4 Qd8 19. Rb1 b5 20. Nac5 Nb6 21. Nb7 Qc7 22. Na5 Nc4 23. a4 a6 24. axb5 axb5 25. Nxc4 bxc4 26. Ne5 Rab8 27.
f3 Rb5 28. e4 Qb6 29. Qd2 Rxe5 30. Kh1 Re6 31. e5 Ne8 32. f4 Ng7 33. Ra1 Rxb4 34.
Ra8+ Kh7 35. f5 gxf5 36. Qd1 c3 37. Rf8 Qxd4 38. Qf3 Qe4 39. Qxc3 Rb1 40. Rg1 Rxg1+ 41. Kxg1 Qxe5 0-1

[Event "Early-Titled-Tuesday-Blitz-March-19-2024"]
[Site "Chess.com"]
[Date "2024.03.19"]
[Round "10"]
[White "Elegance_Riks"]
[Black "Chessmissile07"]
[Result "1-0"]
[WhiteElo "2793"]
[BlackElo "2928"]
[TimeControl "180+1"]
[EndTime "9:54:28 PDT"]
[Termination "Elegance_Riks won by resignation"]

1. Nf3 a6 2. c4 e6 3. Nc3 d5 4. cxd5 exd5 5. d4 Nf6 6. Bg5 c6 7. e3 Be7 8. Bd3 h6 9. Bh4 O-O 10. Qc2 Nbd7 11. O-O Re8 12. Rab1 a5 13. a3 b5 14. Ne2 Bb7 15. a4 b4 16. Nc1 Qb6 17. Nb3 Rac8 18. Bf5 Rcd8 19. Rfc1 Ba8 20. Ne1 Nf8 21.
Bxf6 Bxf6 22. Qc5 Qb8 23. Nd3 g6 24. Bh3 Ne6 25. Bxe6 Rxe6 26. Qxa5 Be7 27. Nbc5 Rf6 28.
Qxb4 Qc8 29. Qd2 Bd6 30. b4 Qc7 31. f4 g5 32. g3 Re8 33. Ne5 Qe7 34. Rf1 Rf5 35. Qc2 Rf6 36. Ng4 Rg6 37. f5 h5 38.
fxg6 hxg4 39. gxf7+ Kg7 40. fxe8=Q Qxe8 41. Qf2 1-0

[Event "Early-Titled-Tuesday-Blitz-March-19-2024"]
[Site "Chess.com"]
[Date "2024.03.19"]
[Round "10"]
[White "Bauman_Guy"]
[Black "Oleksandr_Bortnyk"]
[Result "0-1"]
[WhiteElo "2928"]
[BlackElo "3059"]
[TimeControl "180+1"]
[EndTime "9:54:32 PDT"]
[Termination "Oleksandr_Bortnyk won by resignation"]

1. e4 Nf6 2. e5 Nd5 3. d4 d6 4.
Bc4 Nb6 5. Bb3 a5 6. a4 Nc6 7. e6 fxe6 8. Nf3 g6 9. h4 Bg7 10. h5 e5 11. dxe5 Nxe5 12. Nxe5 Bxe5 13. Nc3 Qd7 14. Be3 Qg4 15. Nb5 Qxg2 16. Kd2 Qc6 17.
hxg6 hxg6 18. Rxh8+ Bxh8 19. Qh1 Bxb2 20. Qh7 Nc4+ 21. Ke1 Be6 22. Qxg6+ Kd7 23. Rd1 Rg8 24. Qh5 Rg1+ 0-1

[Event "Early-Titled-Tuesday-Blitz-March-19-2024"]
[Site "Chess.com"]
[Date "2024.03.19"]
[Round "10"]
[White "Kostukov_Alex"]
[Black "Pragmatist237"]
[Result "1-0"]
[WhiteElo "2257"]
[BlackElo "2249"]
[TimeControl "180+1"]
[EndTime "9:54:32 PDT"]
[Termination "Kostukov_Alex won on time"]

1. g3 d5 2. Bg2 c6 3. d3 Nf6 4.
e4 e5 5. Qe2 Bd6 6. Nf3 O-O 7.
O-O Bg4 8. h3 Bxf3 9. Bxf3 Nbd7 10. exd5 Nxd5 11. Nc3 Nxc3 12. bxc3 f5 13. Rb1 Rb8 14.
Bg2 Qf6 15. Be3 f4 16. gxf4 exf4 17. Bd4 f3 18. Bxf3 Qxf3 19. Qe6+ Kh8 20. Qxd7 Rf6 21.
Bxf6 gxf6 22. Rfe1 Rg8+ 23. Kf1 Bg3 24. Qd4 Be5 25.
Qe3 Qg2+ 26. Ke2 Re8 27. Rg1 Qd5 28. Kf1 1-0

[Event "Early-Titled-Tuesday-Blitz-March-19-2024"]
[Site "Chess.com"]
[Date "2024.03.19"]
[Round "10"]
[White "profedechess93"]
[Black "kleber2007"]
[Result "0-1"]
[WhiteElo "2636"]
[BlackElo "2500"]
[TimeControl "180+1"]
[EndTime "9:54:35 PDT"]
[Termination "kleber2007 won by resignation"]

1. e4 e5 2. Nf3 Nf6 3. d4 Nxe4 4. dxe5 d5 5. Nbd2 Nxd2 6. Qxd2 Be7 7. Qf4 c5 8. Qg3 g6 9. Bf4 Nc6 10. O-O-O h6 11.
Kb1 Be6 12. c4 d4 13. Bd3 Nb4 14. Nd2 g5 15. Ne4 gxf4 16. Qg7 Rf8 17. Rhe1 Qa5 18. a3 Nxd3 19. Re2 f3 20. gxf3 Nf4 21. Rc2 O-O-O 22. Qxh6 Ng6 23. Ka2 Kb8 24. Nd6 Nxe5 25. Nb5 a6 26. Qf4 axb5 27. Qxe5+ Qc7 0-1

[Event "Early-Titled-Tuesday-Blitz-March-19-2024"]
[Site "Chess.com"]
[Date "2024.03.19"]
[Round "10"]
[White "Viktor_Poddubnyi"]
[Black "MuhittinBuker"]
[Result "0-1"]
[WhiteElo "2277"]
[BlackElo "2135"]
[TimeControl "180+1"]
[EndTime "9:54:35 PDT"]
[Termination "MuhittinBuker won by resignation"]

1. e4 e5 2. f4 exf4 3. Nf3 g5 4. h4 g4 5. Ne5 Nf6 6. Bc4 d5 7. exd5 Bd6 8. d4 Nh5 9. O-O Qxh4 10. Qe1 Qxe1 11.
Rxe1 O-O 12. Nc3 Bf5 13. Nb5 Nd7 14. Nxd7 Bxd7 15. Nxd6 cxd6 16. Re7 Rad8 17. Bd2 Rfe8 18. Rxe8+ Rxe8 19. Bb4 Re4 20. c3 b5 21. Bd3 Re3 22.
Rd1 Nf6 23. Bxd6 Nxd5 24. Bf1 g3 25. a4 a6 26. axb5 axb5 27. Ra1 Kg7 28. Ra7 Re1 0-1

[Event "Early-Titled-Tuesday-Blitz-March-19-2024"]
[Site "Chess.com"]
[Date "2024.03.19"]
[Round "10"]
[White "nekotyanof"]
[Black "Jumbo"]
[Result "1-0"]
[WhiteElo "2689"]
[BlackElo "2877"]
[TimeControl "180+1"]
[EndTime "9:54:36 PDT"]
[Termination "nekotyanof won by resignation"]

1. e4 c5 2. Nf3 d6 3. d4 cxd4 4. Qxd4 Nf6 5. Nc3 Nc6 6. Qd3 g6 7. Be2 Bg7 8. O-O O-O 9. Nd5 Nd7 10. c3 e6 11. Ne3 Nc5 12. Qc2 Qc7 13. Rd1 Rd8 14.
Rb1 b6 15. Ng4 Qe7 16. b4 Nd7 17. Nh6+ Kh8 18. Rxd6 Bxh6 19. Rxc6 Bxc1 20. Rxc1 Nf6 21. e5 Nd5 22. Rd1 Bb7 23. Rd6 Rdc8 24. c4 Nxb4 25. Qd2 Bxf3 26. Bxf3 Na6 27. Bxa8 Rxa8 28. Rd8+ Rxd8 29.
Qxd8+ Qxd8 30. Rxd8+ Kg7 31. Ra8 Nb4 32. Rxa7 Nd3 33.
Ra6 Nxe5 34. Rxb6 Nxc4 35. Rc6 Na5 36. Rc5 Nb7 37. Rc7 Na5 38. a4 Kf6 39. Ra7 Nc6 40.
Rc7 Na5 41. f4 h6 42. h4 g5 43. hxg5+ hxg5 44. fxg5+ Kg6 45. Kf2 1-0

[Event "Early-Titled-Tuesday-Blitz-March-19-2024"]
[Site "Chess.com"]
[Date "2024.03.19"]
[Round "10"]
[White "KuzubovYuriy"]
[Black "lamomiajunior"]
[Result "0-1"]
[WhiteElo "2908"]
[BlackElo "2768"]
[TimeControl "180+1"]
[EndTime "9:54:37 PDT"]
[Termination "lamomiajunior won on time"]

1. d4 Nf6 2. c4 e6 3. Nf3 d5 4.
Nc3 Bb4 5. Bg5 h6 6. Bxf6 Qxf6 7. e3 O-O 8. Rc1 c6 9. Qb3 Bxc3+ 10. Qxc3 Nd7 11.
Be2 Re8 12. Ne5 dxc4 13. f4 b5 14. Bf3 Rb8 15. O-O Nxe5 16. fxe5 Qg5 17. b4 Rd8 18. Be4 a6 19. Rf3 Rb7 20. Rcf1 Rc7 21. Rg3 Qe7 22.
Bb1 Kh8 23. Qc2 g6 24. a3 a5 25. Qd2 axb4 26. axb4 c5 27. bxc5 Rxc5 28. Rf6 Rxe5 29. Rf1 Rg5 30. Rgf3 f5 31. e4 Kg7 0-1

[Event "Early-Titled-Tuesday-Blitz-March-19-2024"]
[Site "Chess.com"]
[Date "2024.03.19"]
[Round "10"]
[White "BardArtem"]
[Black "Aswathchess"]
[Result "1-0"]
[WhiteElo "2816"]
[BlackElo "2619"]
[TimeControl "180+1"]
[EndTime "9:54:37 PDT"]
[Termination "BardArtem won by resignation"]

1. e4 c5 2. c3 e5 3. Nf3 Nc6 4. Bc4 Nf6 5. d3 d5 6. exd5 Nxd5 7. O-O Be7 8. Re1 Qd6 9. d4 exd4 10. cxd4 Nb6 11.
Bb5 O-O 12. Bxc6 bxc6 13. Nc3 Bf5 14. dxc5 Qxd1 15. Nxd1 Bxc5 16. Re5 Rfd8 17. Bg5 Rd5 18. Rxd5 cxd5 19. Be3 Bd6 20. Nc3 Rc8 21. Bxb6 axb6 22. Nxd5 Rc2 23. Ne3 Rc5 24. b4 Rb5 25. a4 Rxb4 26.
Nxf5 Bc5 27. g3 g6 28. Ne3 Rb2 29. a5 bxa5 30. Rxa5 Bb6 31. Ra8+ Kg7 32. h4 Bc5 33. Rc8 Ba7 34. Rc7 Bb8 35. Rd7 h6 36. Nc4 Re2 37. Nd6 Kf6 38. Rxf7+ Ke6 39. Nd4+ 1-0

[Event "Early-Titled-Tuesday-Blitz-March-19-2024"]
[Site "Chess.com"]
[Date "2024.03.19"]
[Round "10"]
[White "ahkashefi2800"]
[Black "francyIM"]
[Result "0-1"]
[WhiteElo "2602"]
[BlackElo "2830"]
[TimeControl "180+1"]
[EndTime "9:54:38 PDT"]
[Termination "francyIM won on time"]

1. d4 Nf6 2. Nf3 b6 3. g3 Bb7 4.
Bg2 g6 5. O-O Bg7 6. b3 O-O 7.
Bb2 c5 8. e3 cxd4 9. exd4 e6 10. c4 d5 11. Nc3 dxc4 12. bxc4 Qc8 13. Nb5 Rd8 14. Ba3 Ne8 15. Rc1 a6 16. Nc3 Nd7 17. d5 Nc5 18. Nd4 Nd6 19. Bxc5 bxc5 20. Nc6 Bxc6 21. dxc6 Nxc4 22. Qe2 Nb6 23. Ne4 c4 24. Nc5 Qc7 25. Rfd1 c3 26. Ne4 Nd5 27. Qf3 Qxc6 28. Ng5 Qc7 29. h4 Rac8 30. Ne4 Qe7 31. Rc2 Nb4 32. Rxd8+ Qxd8 33. Rxc3 Bxc3 34. Nxc3 Qd3 35.
Ne4 Qxf3 36. Bxf3 Nxa2 37. Nd6 Rc1+ 38. Kg2 Nb4 39. Be2 a5 40. Nc4 a4 41. Ne5 a3 42.
Bc4 a2 43. Bxa2 Nxa2 44. Nd3 Rc2 45. Nf4 Nb4 46. Nh3 Nd3 0-1

[Event "Early-Titled-Tuesday-Blitz-March-19-2024"]
[Site "Chess.com"]
[Date "2024.03.19"]
[Round "10"]
[White "LornerAcosta"]
[Black "Szparu"]
[Result "0-1"]
[WhiteElo "2616"]
[BlackElo "2790"]
[TimeControl "180+1"]
[EndTime "9:54:39 PDT"]
[Termination "Szparu won by resignation"]

1. Nf3 b5 2. e3 a6 3. b3 Bb7 4. c4 bxc4 5. bxc4 Nf6 6. Qb3 Qc8 7. Nc3 c5 8. Be2 d6 9. Na4 Nbd7 10. Bb2 e6 11.
O-O Be7 12. Rab1 Bc6 13. d4 O-O 14. dxc5 dxc5 15. Ne5 Rb8 16. Nxc6 Qxc6 17. Qc2 Qc7 18. Bc3 Ne5 19. h3 Nc6 20. a3 Nd7 21. Bf3 Nce5 22. Be2 h6 23. Qd2 Nf6 24. Qc2 Ned7 25. Bd2 Qe5 26. Bc3 Qc7 27. Bd2 g6 28. Nc3 h5 29.
Qa4 Qd6 30. Rbd1 Nb6 31. Qxa6 Ra8 32. Qb5 Rfb8 33. Qb3 Nfd7 34. Nb5 Qe5 35. Bc3 Qg5 36. Bf3 Ra4 37. Rxd7 Rxc4 38. Rdd1 Rh4 39. Bd2 c4 40.
Qc2 Qxb5 41. Rb1 Qa6 42. e4 Rd8 43. Be3 Nd7 44. Qc1 Ne5 45. Be2 Nd3 46. Qc3 Rxe4 47. Bf3 Rxe3 48. fxe3 Qa7 49. Qd2 Bg5 50. Kh1 Bxe3 51.
Qe2 Qd4 52. g3 h4 53. gxh4 Nf4 54. Qh2 c3 55. Rbe1 Bd2 56. Rd1 c2 57. Rc1 Bxc1 58.
Rxc1 Qe3 0-1

[Event "Early-Titled-Tuesday-Blitz-March-19-2024"]
[Site "Chess.com"]
[Date "2024.03.19"]
[Round "10"]
[White "emeli_chess"]
[Black "HanSchut"]
[Result "1-0"]
[WhiteElo "2424"]
[BlackElo "2292"]
[TimeControl "180+1"]
[EndTime "9:54:40 PDT"]
[Termination "emeli_chess won by resignation"]

1. d4 Nf6 2. c4 g6 3. Nc3 d5 4. cxd5 Nxd5 5. e4 Nxc3 6. bxc3 Bg7 7. Bc4 c5 8. Ne2 Nc6 9. Be3 O-O 10. h4 Qc7 11. Rc1 Rd8 12. h5 Ne5 13. Bb3 cxd4 14. cxd4 Qa5+ 15. Bd2 Nd3+ 16. Kf1 Qb6 17. hxg6 hxg6 18.
Bh6 Nxc1 19. Qxc1 Bxd4 20. Nxd4 Qxd4 21. Be3 Qd3+ 22. Kg1 Qd6 23. g3 Be6 24. Qb2 f6 25. e5 Qb6 26. Bxb6 1-0

[Event "Early-Titled-Tuesday-Blitz-March-19-2024"]
[Site "Chess.com"]
[Date "2024.03.19"]
[Round "10"]
[White "NelsonLinda"]
[Black "Lovetov"]
[Result "0-1"]
[WhiteElo "2647"]
[BlackElo "2559"]
[TimeControl "180+1"]
[EndTime "9:54:44 PDT"]
[Termination "Lovetov won on time"]

1. b3 d5 2. Bb2 Bg4 3. f3 Bh5 4. h4 f6 5. d4 c5 6. g4 Bf7 7. e4 cxd4 8. Qxd4 Nc6 9. Bb5 e5 10. Qa4 Ne7 11. exd5 Qxd5 12. Nc3 Qd4 13. Qxd4 exd4 14.
Ne4 O-O-O 15. O-O-O a6 16. Bxc6 Nxc6 17. Ne2 d3 18.
Rxd3 Rxd3 19. cxd3 Nb4 20. Nf4 Nxa2+ 21. Kb1 Bxb3 22.
h5 h6 23. d4 Nb4 24. Ng6 Rg8 25. Ba3 Bc2+ 26. Ka1 Bxe4 27. fxe4 Nc2+ 28. Kb2 Nxa3 29.
Nxf8 Nc4+ 30. Kc3 Nd6 31. Ng6 Nxe4+ 32. Kd3 Re8 33. Rc1+ Kd7 34. Rb1 Nd6 35. Rc1 a5 36.
Nf4 Re4 37. Nd5 Rxg4 38. Rc7+ Kd8 0-1

[Event "Early-Titled-Tuesday-Blitz-March-19-2024"]
[Site "Chess.com"]
[Date "2024.03.19"]
[Round "10"]
[White "temus_galaktionov"]
[Black "AryanTari"]
[Result "0-1"]
[WhiteElo "2862"]
[BlackElo "3019"]
[TimeControl "180+1"]
[EndTime "9:54:45 PDT"]
[Termination "AryanTari won by resignation"]

1. d4 d5 2. Nf3 Nf6 3. c4 e6 4.
Nc3 h6 5. cxd5 exd5 6. Bf4 Bd6 7. Be5 Be6 8. Qb3 b6 9. e3 O-O 10. Bd3 Bxe5 11. Nxe5 c5 12. Be2 Nbd7 13. f4 Nxe5 14. fxe5 Ng4 15. Bxg4 Qh4+ 16. g3 Qxg4 17. Qd1 Qh3 18.
Qd2 Rfc8 19. O-O-O b5 20. Kb1 b4 21. Nb5 Rab8 22. Nd6 Rc6 23. dxc5 Rxc5 24. Rc1 Rxc1+ 25. Rxc1 Qh5 26. Qd4 Qxh2 27. Qxa7 Rf8 28. Qd4 Qxg3 29. Qxb4 Qxe5 30. a4 Rd8 31. Nb7 Rb8 32. a5 Qxe3 33.
a6 Bf5+ 34. Ka1 Qxc1+ 0-1

[Event "Early-Titled-Tuesday-Blitz-March-19-2024"]
[Site "Chess.com"]
[Date "2024.03.19"]
[Round "10"]
[White "JonaszBaum"]
[Black "Manukyan_Artak"]
[Result "1-0"]
[WhiteElo "2747"]
[BlackElo "2488"]
[TimeControl "180+1"]
[EndTime "9:54:46 PDT"]
[Termination "JonaszBaum won on time"]

1. Nf3 g6 2. c4 Bg7 3. Nc3 c5 4. d3 Nc6 5. g3 e6 6. Bg2 Nge7 7.
h4 d5 8. h5 dxc4 9. h6 Bxc3+ 10. bxc3 cxd3 11. exd3 O-O 12. O-O e5 13. Re1 Bf5 14.
Nxe5 Nxe5 15. Rxe5 Nc6 16. Rd5 Qf6 17. Bb2 Rad8 18.
Qb3 Na5 19. Qb5 b6 20. c4 Qg5 21. Bg7 Rxd5 22. Bxd5 Rd8 23. Qb2 Re8 24. Bf8 Kxf8 25. Qg7+ Ke7 26. Qxf7+ Kd8 27. Qxa7 Qxh6 28. Qxb6+ Ke7 29.
Qxc5+ Kf6 30. Qd4+ 1-0

[Event "Early-Titled-Tuesday-Blitz-March-19-2024"]
[Site "Chess.com"]
[Date "2024.03.19"]
[Round "10"]
[White "DraningWaterHi"]
[Black "SharapovEvgeny"]
[Result "0-1"]
[WhiteElo "2276"]
[BlackElo "2573"]
[TimeControl "180+1"]
[EndTime "9:54:49 PDT"]
[Termination "SharapovEvgeny won by checkmate"]

1. d4 Nf6 2. c4 e6 3. Nf3 Bb4+ 4. Nbd2 b6 5. a3 Bxd2+ 6. Bxd2 Bb7 7. e3 O-O 8. Bd3 Be4 9. Qe2 d5 10. Ne5 Nbd7 11.
Nc6 Qe8 12. f3 Bxd3 13. Qxd3 e5 14.
dxe5 Nxe5 15. Nxe5 Qxe5 16. Bc3 dxc4 17. Qe2 Qe6 18.
e4 Rfd8 19. O-O Rd3 20. Rfd1 Rad8 21. Rac1 b5 22. a4 a6 23. axb5 axb5 24. b3 h6 25. bxc4 bxc4 26. Qc2 Qb6+ 27. Kh1 Rxd1+ 28. Rxd1 Rxd1+ 29. Qxd1 Qb3 30. Qc1 Ne8 31. h4 Nd6 32. Be5 f6 33.
Bf4 c3 34. e5 fxe5 35. Bxe5 c2 36. Bb2 Nc4 37. Qe1 Qe3 38. Qa1 Nxb2 39. Qa8+ Kh7 40. Qa2 c1=Q+ 41. Kh2 Qf4+ 42. Kh3 Qh1# 0-1

[Event "Early-Titled-Tuesday-Blitz-March-19-2024"]
[Site "Chess.com"]
[Date "2024.03.19"]
[Round "10"]
[White "Mikasinski"]
[Black "Preobrazhenska_D2011"]
[Result "1-0"]
[WhiteElo "2634"]
[BlackElo "2474"]
[TimeControl "180+1"]
[EndTime "9:54:50 PDT"]
[Termination "Mikasinski won by resignation"]

1. e4 c5 2. Nf3 d6 3. d4 cxd4 4. Nxd4 Nf6 5. Nc3 a6 6. Be2 e5 7. Nf3 Be7 8. Bg5 Be6 9. Bxf6 Bxf6 10. O-O O-O 11. Nd5 Nd7 12. Bc4 b5 13. Bb3 Be7 14.
Qe2 Nb6 15. Rfd1 Nxd5 16. Bxd5 Bxd5 17. Rxd5 Qc7 18. a4 b4 19. Rad1 a5 20. h4 Qc6 21.
b3 Rfc8 22. R1d2 Qc7 23. g3 Bf8 24. Kg2 Re8 25. Qe3 Qc8 26. Nh2 f5 27. exf5 Qxf5 28.
g4 Qf7 29. Nf3 h6 30. Qe4 Re6 31. h5 Rf6 32. Nh4 Rf4 33. Qe2 Qe6 34. Nf5 Re8 35.
Rxa5 Rxf5 36. gxf5 Qxf5 37. Rd3 Be7 38. Rg3 Bg5 39.
Ra7 Rf8 40. Rb7 Qe6 41. Rxb4 Qd5+ 42. Qe4 Qd2 43. Rf3 Rxf3 44. Kxf3 Qd1+ 45. Kg2 Qxh5 46. Rb8+ Kf7 47. Qf5+ Ke7 48. Qf8+ Ke6 49. Qe8+ Qxe8 50.
Rxe8+ Kd5 51. Rg8 Bf6 52. b4 Kc6 53. b5+ Kb6 54. Ra8 Kb7 55. Ra6 Be7 56. Rc6 d5 57. a5 Bb4 58. a6+ Ka7 59. Rc7+ Kb6 60. Rb7+ Kc5 61.
a7 1-0

[Event "Early-Titled-Tuesday-Blitz-March-19-2024"]
[Site "Chess.com"]
[Date "2024.03.19"]
[Round "10"]
[White "Boorchess"]
[Black "secrethawk1"]
[Result "1-0"]
[WhiteElo "2554"]
[BlackElo "2420"]
[TimeControl "180+1"]
[EndTime "9:54:51 PDT"]
[Termination "Boorchess won by checkmate"]

1. d4 d5 2. c4 c6 3. cxd5 cxd5 4. Nc3 Nc6 5. e4 dxe4 6. d5 Nb8 7.
f3 exf3 8. Nxf3 Nf6 9. Bc4 e6 10.
Bb5+ Bd7 11. dxe6 fxe6 12. Qe2 Nc6 13. Bf4 Bb4 14. O-O O-O 15. Rad1 Qe7 16. Ng5 a6 17.
Bc4 Rfe8 18. Nce4 h6 19. Nxf6+ gxf6 20. Ne4 Rad8 21. Bxh6 f5 22. Bg5 Qg7 23. Nf6+ Kf8 24. Qh5 Be7 25. Rxf5 exf5 26. Nh7+ Qxh7 27. Bh6+ Qg7 28. Qg6 Bf6 29. Qxf6# 1-0

[Event "Early-Titled-Tuesday-Blitz-March-19-2024"]
[Site "Chess.com"]
[Date "2024.03.19"]
[Round "10"]
[White "cande_francisco"]
[Black "DavidGavrilescu18"]
[Result "1-0"]
[WhiteElo "2562"]
[BlackElo "2770"]
[TimeControl "180+1"]
[EndTime "9:54:53 PDT"]
[Termination "cande_francisco won by checkmate"]

1. e4 c5 2. Nf3 a6 3. c3 e6 4. d4 d5 5. exd5 exd5 6. Bd3 c4 7.
Bc2 Bd6 8. O-O Ne7 9. Re1 O-O 10. Bg5 f6 11. Bh4 Bf5 12. Nbd2 Nbc6 13. Bg3 Qd7 14.
Nf1 Rae8 15. Ne3 Bxc2 16. Qxc2 f5 17. Bxd6 Qxd6 18. Rad1 h6 19. b3 cxb3 20. axb3 Qf6 21. c4 Rd8 22. Qc3 Kh8 23. Ne5 f4 24. Nxd5 Nxd5 25.
cxd5 Ne7 26. Qf3 Nxd5 27. Rc1 Rd6 28. Rc5 Rfd8 29. h3 b6 30. Rc4 Ne7 31. Qb7 Kh7 32. Ng4 Qg6 33. Rxe7 f3 34. Qxf3 Rxd4 35. Rxd4 Rxd4 36.
Ne5 Qg5 37. Nc6 Rd6 38. Qe4+ Rg6 39. Re6 h5 40. Ne7 Qc1+ 41. Kh2 Qc7+ 42. g3 Kh8 43. Nxg6+ Kg8 44. Re8+ Kh7 45. Rh8# 1-0

[Event "Early-Titled-Tuesday-Blitz-March-19-2024"]
[Site "Chess.com"]
[Date "2024.03.19"]
[Round "10"]
[White "sorch29"]
[Black "ChristianArca"]
[Result "0-1"]
[WhiteElo "2489"]
[BlackElo "2679"]
[TimeControl "180+1"]
[EndTime "9:54:54 PDT"]
[Termination "ChristianArca won on time"]

1. d4 Nf6 2. c4 c5 3. Nf3 g6 4. Nc3 Bg7 5. e4 O-O 6. Be2 Nc6 7. d5 Na5 8. e5 Ne8 9. O-O d6 10. Bf4 a6 11. h3 Rb8 12. a4 Qb6 13. Qc2 Bf5 14.
Bd3 Bxd3 15. Qxd3 Qb4 16. exd6 Nxd6 17. Nd2 Qxb2 18. Rfc1 Qb6 19. Rab1 Qd8 20. Nce4 Rc8 21. Nxd6 exd6 22. Ne4 Be5 23. Bxe5 dxe5 24. Qg3 f5 25. Ng5 Qf6 26. Ne6 Rfe8 27. Qc3 Rxe6 28. Qxa5 Re7 29. Rb6 Qg5 30. Rcb1 f4 31. Qd2 e4 32. Rxb7 e3 33. fxe3 fxe3 34. Qe2 Rxb7 35. Rxb7 Rf8 36. Rb3 Rf2 0-1